 Dungeon Crawl Stone Soup version 0.19.3-4-gbf9329e (console) character file.

994 Kloppie the Covered (level 8, -10/64 HPs)
             Began as a Formicid Fighter on Jan 26, 2017.
             Mangled by an ogre
             ... wielding a +0 giant club
              (12 damage)
             ... on level 5 of the Dungeon.
             The game lasted 00:05:02 (3457 turns).

Kloppie the Covered (Formicid Fighter)              Turns: 3457, Time: 00:05:02

Health: -10/64     AC:  8    Str: 26    XL:     8   Next: 42%
Magic:  8/8        EV:  9    Int:  8    God:
Gold:   233        SH: 11    Dex: 12    Spells: 0 memorised, 7 levels left

rFire  . . .     SeeInvis +     a - +0 war axe
rCold  . . .     Gourm    .     b - +0 scale mail
rNeg   . . .     Faith    .     c - +0 shield
rPois  .         Spirit   .     (helmet unavailable)
rElec  .         Reflect  .     (no cloak)
rCorr  .         Harm     .     t - +0 pair of gloves
MR     .....                    (no boots)
Stlth  ..........               (no amulet)
                                (no ring)
                                (no ring)

@: mighty
A: permanent stasis, dig shafts and tunnels, four strong arms, antennae 3
a: Dig, Shaft Self


You were on level 5 of the Dungeon.
You were not hungry.

You visited 1 branch of the dungeon, and saw 5 of its levels.

You collected 233 gold pieces.

Inventory:

Hand Weapons
 a - a +0 war axe (weapon)
Armour
 b - a +0 scale mail (worn)
 c - a +0 shield (worn)
 t - a +0 pair of gloves (worn)
Scrolls
 n - 6 scrolls of identify
 r - 2 scrolls of remove curse
Potions
 d - a potion of might
 e - a potion of mutation {unknown}
 g - a potion of curing
 i - a potion of degeneration {unknown}
Comestibles
 f - 5 bread rations
 h - 3 chunks of flesh
 q - 3 beef jerkies


   Skills:
 * Level 6.0 Fighting
 + Level 5.6 Axes
 - Level 6.0 Armour
 - Level 5.7 Shields


You had 7 spell levels left.
You didn't know any spells.

Dungeon Overview and Level Annotations

Branches:
Dungeon (5/15)
 Temple: D:4-7

Altars:


Innate Abilities, Weirdness & Mutations

You are under a permanent stasis effect.
You can dig through walls and to a lower floor.
Your four strong arms can wield two-handed weapons with a shield.
You have a pair of large antennae on your head. (SInv)


Message History

You see here 3 gold pieces.
The ogre shouts!
You closely miss the ogre. You block the ogre's attack.
Your shield prevents you from hitting the ogre.
The ogre hits you with a giant club!!
* * * LOW HITPOINT WARNING * * *
You are too injured to fight recklessly!
You are too injured to fight recklessly!
You are too injured to fight recklessly!
You feel very mighty all of a sudden. The ogre hits you with a giant club!
* * * LOW HITPOINT WARNING * * *
You slash the ogre!
The ogre is moderately wounded.
The ogre hits you with a giant club.
* * * LOW HITPOINT WARNING * * *
You slash the ogre!
The ogre is severely wounded.
The ogre hits you with a giant club!
You die...

####..##
#.#....####.#
##.#
#.#.........#
#.##
#.#.......##<#
#####..#
#.#.......#
.......#
#.#.......##
.......#
##.#........#
.......#
#<........#.#
.......#
####........#.#
....##..
#.....O@..$.#.#
....# .
#.#.....#####
....# #..####
....# #.. ....#
# ....# ....#
....# ....##


You could see an ogre.

Vanquished Creatures
  Sigmund (D:5)
  4 ogres
  A centaur (D:5)
  A howler monkey (D:5)
  A hound (D:5)
  An iguana (D:4)
  Ijyb (D:3)
  4 worker ants
  Terence (D:2)
  Robin (D:2)
  A worker ant zombie (D:4)
  4 adders
  3 gnolls (D:4)
  3 oozes
  2 worms
  3 dart slugs
  2 leopard geckos
  3 orcs
  16 bats
  2 giant cockroaches
  15 goblins
  9 hobgoblins
  2 jackals (D:1)
  A quokka (D:5)
  2 ball pythons
  6 frilled lizards
  6 kobolds
  A leopard gecko skeleton (D:4)
  9 rats
106 creatures vanquished.

Notes
Turn   | Place    | Note
-------+----------+-------------------------------------------
     0 | D:1      | Kloppie the Formicid Fighter began the quest for the Orb.
     0 | D:1      | Reached XP level 1. HP: 18/18 MP: 1/1
   100 | D:1      | Reached XP level 2. HP: 4/24 MP: 2/2
   660 | D:1      | Reached XP level 3. HP: 25/29 MP: 3/3
  1105 | D:2      | Reached skill level 5 in Shields
  1110 | D:2      | Noticed Robin
  1114 | D:2      | Reached XP level 4. HP: 22/35 MP: 4/4
  1119 | D:2      | Killed Robin
  1486 | D:2      | Noticed Terence
  1495 | D:2      | Killed Terence
  1495 | D:2      | Reached XP level 5. HP: 25/41 MP: 5/5
  2140 | D:3      | Noticed Ijyb
  2151 | D:3      | Killed Ijyb
  2489 | D:4      | Reached XP level 6. HP: 45/47 MP: 6/6
  2580 | D:4      | Noticed an ogre
  2589 | D:4      | Killed an ogre
  2679 | D:4      | Noticed an ogre
  2686 | D:4      | Killed an ogre
  2686 | D:4      | Reached skill level 5 in Armour
  2686 | D:4      | Reached XP level 7. HP: 39/52 MP: 7/7
  3255 | D:5      | Entered Level 5 of the Dungeon
  3327 | D:5      | Reached skill level 5 in Axes
  3327 | D:5      | Reached XP level 8. HP: 53/61 MP: 8/8
  3332 | D:5      | Reached skill level 5 in Fighting
  3405 | D:5      | Noticed Sigmund
  3420 | D:5      | Killed Sigmund
  3455 | D:5      | HP: 2/64 [ogre/giant club (13)]
  3457 | D:5      | Mangled by an ogre

Skill      XL: |  1  2  3  4  5  6  7  8 |
---------------+-------------------------+-----
Shields        | 4 5 |  5.7
Axes           | 3 4 5 |  5.6
Armour         | 4 5 6 |  6.0
Fighting       | 4 6 |  6.0

Action                   |  1- 3 |  4- 6 |  7- 9 || total
-------------------------+-------+-------+-------++-------
Melee: War axe           |   109 |   170 |    81 ||   360
  Use: Potion            |       |     6 |     3 ||     9
       Scroll            |       |     7 |     1 ||     8
  Eat: Chunk             |     1 |     5 |     3 ||     9
Armor: Scale mail        |    55 |    65 |    32 ||   152
Dodge: Dodged            |    49 |    62 |    26 ||   137
Block: Shield            |    81 |   103 |    54 ||   238
